 Dungeon Crawl Stone Soup version 0.32-a0-909-gc671339a80 (webtiles) character file.

Game seed: 1701208909573311008

77 Shayle the Apothecary (level 4, -3/34 HPs)
             Began as a Coglin Alchemist on Apr 6, 2024.
             Killed from afar by Sigmund (12 damage)
             ... with a puff of flame
             ... on level 2 of the Dungeon.
             The game lasted 00:05:32 (1992 turns).

Shayle the Apothecary (Coglin Alchemist)            Turns: 1992, Time: 00:05:32

Health: -3/34      AC:  4    Str:  9    XL:     4   Next: 34%
Magic:  6/6        EV: 12    Int: 16    God:
Gold:   101        SH:  0    Dex: 14    Spells: 2/6 levels left

rFire   . . .        k - +0 dagger (speed) {Nittaya}
rCold   + . .        e - +0 spear {Nozipho}
rNeg    + . .        o - +2 robe "Jipeboof" {Harm rC+ rN+}
rPois   .            (no helmet)
rElec   .            (no cloak)
rCorr   .            (no gloves)
SInv    .            (no boots)
Will    .....        (amulet unavailable)
Stlth   ++           (ring unavailable)
HPRegen 0.25/turn    (ring unavailable)
MPRegen 0.10/turn    (no gizmo)

%: harm (+30% outgoing, +20% incoming)
@: revved
A: off-hand wielding, slow wielding, warmup strikes, no jewellery
a: Invent Gizmo


You were on level 2 of the Dungeon.
You visited 1 branch of the dungeon, and saw 2 of its levels.

You collected 101 gold pieces.

Inventory:

Hand Weapons
 e - a +0 spear (offhand) {Nozipho}
 k - a +0 dagger of speed (weapon) {Nittaya}
Armour
 a - a +0 robe
 o - the +2 robe "Jipeboof" (worn) {Harm rC+ rN+}
   (You found it on level 2 of the Dungeon)

   rC+:       It protects you from cold.
   rN+:       It protects you from negative energy.
   Harm:      It increases damage dealt and taken.
Scrolls
 c - a scroll of amnesia {unknown}
 d - a scroll of blinking {unknown}
 i - a scroll of enchant armour {unknown}
 l - a scroll of identify {unknown}
 m - a scroll of fog {unknown}
 n - a scroll of silence {unknown}
Potions
 b - a potion of magic
 f - a potion of mutation {unknown}
 g - a potion of heal wounds {unknown}
 h - a potion of degeneration {unknown}
 j - a potion of curing
 p - a potion of cancellation {unknown}


   Skills:
 + Level 2.5 Fighting
 + Level 3.1 Dodging
 - Level 1.5 Stealth
 - Level 1.7 Spellcasting
 - Level 0.8 Conjurations
 - Level 3.2 Alchemy


You had 2 spell levels left.
You knew the following spells:

 Your Spells              Type           Power      Damage    Failure   Level
a - Sting                 Conj/Alch      32%        1d5       9%          1
b - Mephitic Cloud        Conj/Alch/Air  5%         N/A       36%         3

Your spell library contained the following spells:

 Spells                   Type           Power      Damage    Failure   Level
 Mercury Vapours          Alch/Air       12%        N/A       16%         2
 Olgreb's Toxic Radiance  Alch           11%        N/A       50%         4
 Sticky Flame             Fire/Alch      6%         2d4       71%         4


Dungeon Overview and Level Annotations

Branches:
Dungeon (2/15)

Altars:

Annotations:
D:2 Sigmund


Innate Abilities, Weirdness & Mutations

You can wield a second weapon in your off-hand.
It takes a long time for you to wield or remove held weapons.
Your first few attacks do less damage.
You cannot equip rings or amulets.


Message History

Sigmund points at you and mumbles some strange words.
The puff of flame hits you.
Unknown command.
You hit Sigmund with your +0 dagger of speed.
Sigmund is moderately wounded.
You hit Sigmund but do no damage. Sigmund barely misses you.
You hit Sigmund but do no damage.
Sigmund is moderately wounded.
You closely miss Sigmund with your +0 spear.
It was a potion of curing.
You feel better. Sigmund closely misses you.
You hit Sigmund with your +0 dagger of speed.
Sigmund is moderately wounded.
You barely miss Sigmund with your +0 spear.
Sigmund barely misses you.
You hit Sigmund with your +0 dagger of speed.
Sigmund is heavily wounded.
You hit Sigmund with your +0 spear. You hit Sigmund with your +0 spear.
Sigmund is severely wounded.
You hit Sigmund but do no damage. Sigmund closely misses you.
You hit Sigmund with your +0 spear.
Sigmund is severely wounded.
You closely miss Sigmund with your +0 dagger of speed.
You barely miss Sigmund with your +0 spear.
Sigmund is severely wounded.
You hit Sigmund but do no damage. Sigmund hits you with a +0 scythe!
You barely miss Sigmund with your +0 dagger of speed.
Sigmund is severely wounded.
You hit Sigmund with your +0 spear. You hit Sigmund but do no damage.
Sigmund is severely wounded.
You hit Sigmund with your +0 dagger of speed.
Sigmund hits you with a +0 scythe.
* * * LOW HITPOINT WARNING * * *
You closely miss Sigmund with your +0 spear.
Sigmund is almost dead.
You closely miss Sigmund with your +0 dagger of speed.
Sigmund zaps a wand.
The puff of flame hits you!
You die...
Sigmund begins carving another notch in his scythe.

#.......# #......>##.#.....##
#.#...#.# #.......##........#
#.......# ##.....##.........#
####.######.......##.(......#
####.#####.........###.....##
#.......†.†........# ##...##
.##.##.##.........# ##.## #
#.#..>##....@..######)########
#.##...#.###....@........#.......
.....#...# ##...##########.#####.
#.##....## #..## ####. #....###.#
##.# #.##.... .....# #.# ##.##
#....... .###.###.# #...#
#.##.##. .###....## #...#####
#....... .........# #...#...##
#....#.. .......#.####........##
#.......


You could see Sigmund.

Vanquished Creatures
  A gnoll (D:1)
  2 dart slugs
  A ribbon worm (D:2)
  4 ball pythons (D:1)
  4 bats
  5 endoplasms (D:1)
  A giant cockroach (D:1)
  7 goblins
  13 hobgoblins
  4 jackals (D:1)
  A quokka (D:1)
  3 frilled lizards
  2 kobolds
  5 rats
53 creatures vanquished.

Notes
Turn   | Place    | Note
-------+----------+-------------------------------------------
     0 | D:1      | Shayle the Coglin Alchemist began the quest for the Orb.
     0 | D:1      | Reached XP level 1. HP: 13/13 MP: 3/3
   101 | D:1      | Reached skill level 1 in Fighting
   101 | D:1      | Reached XP level 2. HP: 16/21 MP: 1/4
   505 | D:1      | Reached XP level 3. HP: 22/27 MP: 2/5
   509 | D:1      | Learned a level 3 spell: Mephitic Cloud
  1522 | D:2      | Reached XP level 4. HP: 33/33 MP: 6/6
  1683 | D:2      | Noticed Sigmund
  1805 | D:2      | Identified the +2 robe "Jipeboof" {Harm rC+ rN+}
  1992 | D:2      | Killed from afar by Sigmund

Illustrated notes

Levels and vault maps discovered:
D:1:      dpeg_arrival_pond, layout_basic
D:2:      cheibrodos_greedy_goblins, layout_loops_cross, uniq_sigmund

Skill      XL: |  1  2  3  4 |
---------------+-------------+-----
Fighting       | 1 2 |  2.5
Dodging        | 2 3 |  3.1
Stealth        | |  1.5
Spellcasting   | |  1.7
Conjurations   | |  0.8
Alchemy        | |  3.2

Action                     |  1- 3 |  4- 6 || total
---------------------------+-------+-------++-------
  Melee: Unarmed           |     1 |       ||     1
         Spear             |    28 |    40 ||    68
         Dagger            |    27 |    41 ||    68
   Cast: Sting             |    53 |     9 ||    62
    Use: Potion            |       |     1 ||     1
   Stab: Sleeping          |       |     1 ||     1
 Armour: Robe              |    24 |    23 ||    47
  Dodge: Dodged            |    29 |    16 ||    45

Table legend: (Time is in decaauts)
 A = Elapsed time spent in this place.
 B = Non-inter-level travel time spent in this place.
 C = Inter-level travel time spent in this place.
 D = Time resting spent in this place.
 E = Time spent auto-exploring this place.
 F = Levels seen in this place.
 G = Mean time per level.
                   A        B        C        D        E       F      G
               +--------+--------+--------+--------+--------+-----+--------+
         Total |   1988 |   1883 |    105 |    231 |   1138 |   2 |  994.0 |
       Dungeon |   1988 |   1883 |    105 |    231 |   1138 |   2 |  994.0 |
               +--------+--------+--------+--------+--------+-----+--------+

Top non-repeatable levels by time:
     D:1: 1330 daAuts
     D:2: 658 daAuts
